 Dungeon Crawl Stone Soup version 0.24.1-14-gf8d2b509d9 (webtiles) character file.

Game seed: 1847551254867866225, levelgen mode: deterministic

175 Hugehornet the Chopper (level 5, 0/32 HPs)
             Began as a Gargoyle Fighter on May 27, 2020.
             Slain by a wight
             ... wielding a cursed +4 long sword
              (4 damage)
             ... on level 3 of the Dungeon.
             The game lasted 00:02:32 (2252 turns).

Hugehornet the Chopper (Gargoyle Fighter)           Turns: 2252, Time: 00:02:32

Health: 0/32       AC: 13    Str: 25    XL:     5   Next: 55%
Magic:  5/5        EV:  5    Int:  9    God:
Gold:   96         SH:  9    Dex:  9    Spells: 4/4 levels left

rFire    . . .     SeeInvis .   a - +0 war axe
rCold    . . .     Gourm    .   c - +0 shield
rNeg     + . .     Faith    .   j - +0 chain mail
rPois    ∞         Spirit   .   (no helmet)
rElec    +         Reflect  .   (no cloak)
rCorr    .         Harm     .   (no gloves)
MR       .....                  (no boots)
Stlth    ..........             (no amulet)
HPRegen  0.10/turn              (no ring)
MPRegen  0.09/turn              (no ring)

@: mighty
A: negative energy resistance 1, electricity resistance, unbreathing,
petrification resistance, rot immunity, AC +4
a: no special abilities


You were on level 3 of the Dungeon.
You were hungry.

You visited 1 branch of the dungeon, and saw 3 of its levels.

You collected 96 gold pieces.

Inventory:

Hand Weapons
 a - a +0 war axe (weapon)
Armour
 b - a +0 scale mail
 c - a +0 shield (worn)
 j - a +0 chain mail (worn)
Scrolls
 h - a scroll of teleportation {unknown}
 l - a scroll of remove curse {unknown}
Potions
 e - a potion of lignification {unknown}
 g - a potion of flight {unknown}
 i - a potion of degeneration {unknown}
 k - a potion of agility {unknown}
 m - a potion of curing {unknown}
Comestibles
 f - 2 rations


   Skills:
 - Level 3.2 Fighting
 + Level 5.1 Axes
 - Level 3.2 Armour
 - Level 3.2 Shields


You had 4 spell levels left.
You didn't know any spells.
Your spell library was empty.

Dungeon Overview and Level Annotations

Branches:
Dungeon (3/15)

Altars:
Qazlal
Wu Jian


Innate Abilities, Weirdness & Mutations

You are resistant to torment.
Your stone body is resilient. (AC +4)
You are immune to poison.
You resist negative energy. (rN+)
You are resistant to electric shocks. (rElec)
You can survive without breathing.
You are immune to petrification.
You are immune to rotting.


Message History

* * * LOW HITPOINT WARNING * * *
You slash the wight!
The wight is heavily damaged.
The wight barely misses you. You block the wight's attack. x2
You slash the wight!
You destroy the wight!
Your Axes skill increases to level 5!
You block the wight's attack.
You closely miss the wight. You block the wight's attack.
Your chain mail prevents you from hitting the wight.
You block the wight's attack. The wight hits you but does no damage.
You closely miss the wight.
You feel yourself speed up. The wight hits you but does no damage.
The wight hits you with a cursed +4 long sword.
* * * LOW HITPOINT WARNING * * *
You slash the wight!
The wight is severely damaged.
The wight hits you with a cursed +4 long sword.
You die...

.# ##.#
#... #..
#.. #.# #.#
#@# # #z#
..W
###W##z..##
#..z..5....
#.#.##...##
#.#^. #...
# ###. .#
#. #.


You could see a phantom and 2 wights.

Vanquished Creatures
  A wight (D:3)
  Jessica (D:2)
  Natasha (D:3)
  3 adders (D:2)
  2 oozes
  A worm (D:2)
  A dart slug (D:2)
  2 leopard geckos (D:1)
  2 giant cockroaches (D:1)
  6 goblins
  4 hobgoblins
  8 kobolds
  A quokka (D:2)
  A ball python (D:2)
  4 bats
  5 frilled lizards
  2 rats
45 creatures vanquished.

Notes
Turn   | Place    | Note
-------+----------+-------------------------------------------
     0 | D:1      | Hugehornet the Gargoyle Fighter began the quest for the
                  | Orb.
     0 | D:1      | Reached XP level 1. HP: 14/14 MP: 1/1
   146 | D:1      | Reached skill level 2 in Axes
   288 | D:1      | Reached XP level 2. HP: 19/19 MP: 2/2
   767 | D:1      | Reached skill level 3 in Axes
   802 | D:1      | Reached XP level 3. HP: 23/23 MP: 3/3
  1445 | D:2      | Reached XP level 4. HP: 28/28 MP: 4/4
  1554 | D:2      | Reached skill level 4 in Axes
  1820 | D:2      | Found an ornate altar of the Wu Jian Council.
  2013 | D:2      | Found a stormy altar of Qazlal.
  2013 | D:2      | Noticed Jessica
  2026 | D:2      | Killed Jessica
  2224 | D:3      | Noticed Natasha
  2225 | D:3      | Noticed a phantom
  2243 | D:3      | Killed Natasha
  2243 | D:3      | Reached XP level 5. HP: 9/32 MP: 5/5
  2248 | D:3      | Reached skill level 5 in Axes
  2252 | D:3      | Slain by a wight

Levels and vault maps discovered:
D:1:      scummos_arrival_hexagon, layout_basic
D:2:      wad_pebble_path, layout_loops_ring, marbit_many_paths,
          lemuel_tele_altar, uniq_jessica
D:3:      layout_loops_ring, nemelex_xobeh_ov_fountains_minmay, first_ration,
          uniq_natasha, uniq_purgy, uniq_robin, uniq_sigmund

Skill      XL: |  1  2  3  4  5 |
---------------+----------------+-----
Axes           | 2 3 4 5 |  5.1
Fighting       | |  3.2
Armour         | |  3.2
Shields        | |  3.2

Action                   |  1- 3 |  4- 6 || total
-------------------------+-------+-------++-------
Melee: War axe           |   113 |    80 ||   193
  Use: Potion            |       |     1 ||     1
  Eat: Chunk             |     2 |     2 ||     4
Armor: Scale mail        |    83 |    22 ||   105
       Chain mail        |       |    24 ||    24
Dodge: Dodged            |    44 |    25 ||    69
Block: Shield            |    65 |    47 ||   112
